 Dungeon Crawl Stone Soup version 0.21.1-1-g345015f (webtiles) character file.

17 inc the Vexing (level 2, 0/11 HPs)
             Began as a Felid Enchanter on Feb 25, 2018.
             Slain by a gnoll
             ... wielding a +0 flail
              (7 damage)
             ... on level 1 of the Dungeon.
             The game lasted 00:02:38 (1588 turns).

inc the Vexing (Felid Enchanter)                    Turns: 1588, Time: 00:02:39

Health: 0/11       AC:  1    Str:  4    XL:     2   Next: 44%
Magic:  3/6        EV: 18    Int: 16    God:
Gold:   36         SH:  0    Dex: 16    Spells: 2/5 levels left
                                        Lives:  0   Deaths: 0

rFire    . . .     SeeInvis +     - Unarmed
rCold    . . .     Gourm    .   (shield unavailable)
rNeg     . . .     Faith    .   (armour unavailable)
rPois    .         Spirit   .   (helmet unavailable)
rElec    .         Reflect  .   (cloak unavailable)
rCorr    .         Harm     .   (gloves unavailable)
MR       .....                  (boots unavailable)
Stlth    +++.......             (no amulet)
HPRegen  0.03/turn              (no ring)
MPRegen  0.10/turn              (no ring)

@: quick
A: very small, no armour, no weapons or thrown items, stealth, claws 1, fangs 3,
see invisible, carnivore, speed 1, shaggy fur 1, slow metabolism 1, sharp paws
a: no special abilities


You were on level 1 of the Dungeon.
You were not hungry.

You visited 1 branch of the dungeon, and saw 2 of its levels.

You collected 36 gold pieces.

Inventory:

Jewellery
 d - an uncursed ring of magical power {unknown}
Scrolls
 e - a scroll of enchant weapon {unknown}
 g - 2 scrolls of identify {unknown}
 i - a scroll of teleportation {unknown}
Potions
 c - a potion of flight {unknown}
 f - a potion of brilliance {unknown}
 h - a potion of lignification {unknown}
Books
 a - a book of Maledictions

   Spells                             Type                      Level
   a - Corona                         Hexes                        1
   b - Ensorcelled Hibernation        Hexes/Ice                    2
   c - Confuse                        Hexes                        3
   d - Tukima's Dance                 Hexes                        3
   e - Dazzling Spray                 Conjuration/Hexes            3
Comestibles
 b - 3 rations


   Skills:
 - Level 2.6 Dodging
 - Level 4.0 Stealth
 + Level 2.5 Unarmed Combat
 - Level 2.0 Spellcasting
 - Level 4.4 Hexes


You had 2 spell levels left.
You knew the following spells:

 Your Spells              Type           Power        Failure   Level  Hunger
a - Corona                Hex            ###....      3%          1    #......
b - Ensorcelled Hibernat  Hex/Ice        #.....       13%         2    ###....


Dungeon Overview and Level Annotations

Branches:
Dungeon (2/15)

Altars:


Innate Abilities, Weirdness & Mutations

You cannot wear armour.
You are incapable of wielding weapons or throwing items.
Your paws allow you to move quietly. (Stealth)
You have sharp claws.
You have razor-sharp teeth.
You have supernaturally acute eyesight. (SInv)
You are carnivorous and can eat meat at any time.
You cover ground quickly.
You are covered in fur. (AC +1)
You have a slow metabolism.
Your sharp claws are effective at attacking unaware monsters.


Message History

Confirm with . or Enter, or press ? or * to list all spells.
Aiming: Ensorcelled Hibernation
Press: ? - help, Shift-Dir - straight line, f/p - kobold
Aim: a kobold, wielding a mace of protection (chance to defeat MR: 57%)
The kobold resists with significant effort.
Casting: Ensorcelled Hibernation
Confirm with . or Enter, or press ? or * to list all spells.
You don't have enough magic to cast that spell.
You barely miss the kobold.
The kobold hits you with a mace of protection.
You scratch the kobold but do no damage.
The kobold misses you. The kobold misses you. The kobold barely misses you.
You open the door.
There is an open door here.
The kobold shouts!
You hear a shout!
The gnoll hits you with a flail!
Ouch! That really hurt!
You die... .............# #.#.# .). .............# #.#.#####PPPPP.P ......<......###.#.......b....P (............##...#.# #.PPPPPPP.P

.............#......###.P?....P..
+...........##..........P.PPP.PPP
##......g..##...........P...P...P
##.......##...g........PgPPP.PPP
##.....##.....@....##(PKP......
###.#+#..#.......###.P.PPPPPPP
#.#...###......# ##..##.....
#...### ##...#K# #..#...... #####
#..##.#####K#...... ##########
#..#....K.........( .........#
#..#.............#( ########.#
#..#.######...####. # #.# #..#.#
#...# #.


You could see a gnoll and a kobold.

Vanquished Creatures
  A leopard gecko (D:1)
  2 giant cockroaches (D:1)
  3 goblins (D:1)
  7 bats (D:1)
  3 kobolds (D:1)
  3 rats (D:1)
19 creatures vanquished.

Notes
Turn   | Place    | Note
-------+----------+-------------------------------------------
     0 | D:1      | inc the Felid Enchanter began the quest for the Orb.
     0 | D:1      | Reached XP level 1. HP: 7/7 MP: 4/4
   476 | D:1      | Reached XP level 2. HP: 11/11 MP: 6/6
   480 | D:1      | Learned a level 2 spell: Ensorcelled Hibernation
  1588 | D:1      | Slain by a gnoll

Skill      XL: |  1 |
---------------+----+-----
Unarmed Combat | 2 |  2.5
Dodging        | |  2.6
Stealth        | |  4.0
Spellcasting   | |  2.0
Hexes          | |  4.4

Action                   || total
-------------------------++-------
Melee: Unarmed           ||    46
       Bite              ||     2
 Cast: Corona            ||     2
       Ensorcelled Hiber ||    16
 Stab: Sleeping          ||    10
  Eat: Chunk             ||     2
Armor: Skin              ||     8
Dodge: Dodged            ||    70
